 Dungeon Crawl Stone Soup version 0.24-a0-613-g1ff6aac (webtiles) character file.

Game seed: 4960931498739634538, levelgen mode: deterministic

21830 Bapo the Timeless (level 12, -14/118 HPs)
             Began as a Troll Monk on Sept 11, 2019.
             Was a High Priest of Cheibriados.
             Demolished by a white ugly thing (20 damage)
             ... on level 13 of the Dungeon on Sept 12, 2019.
             The game lasted 00:37:37 (10305 turns).

Bapo the Timeless (Troll Monk)                     Turns: 10305, Time: 00:37:39

Health: -14/118    AC:  0    Str: 36    XL:     12   Next: 57%
Magic:  15/15      EV: 24    Int: 19    God:    Cheibriados [*****.]
Gold:   642        SH:  0    Dex: 28    Spells: 14/17 levels left

rFire    . . .     SeeInvis .     - Unarmed
rCold    . . .     Gourm    +   (shield currently unavailable)
rNeg     . . .     Faith    .   (armour currently unavailable)
rPois    .         Spirit   .   (helmet currently unavailable)
rElec    .         Reflect  .   (cloak currently unavailable)
rCorr    .         Harm     .   (gloves unavailable)
MR       .....                  (boots unavailable)
Stlth    ++........             (no amulet)
HPRegen  0.69/turn              (ring currently unavailable)
MPRegen  0.14/turn              (ring currently unavailable)

@: about to teleport, pig-form, very slow
A: small, unfitting armour, repulsion field 1, blink, fast metabolism 3,
gourmand, low mp 1, regeneration 1, no potion heal 1
a: Blink, Bend Time, Temporal Distortion, Slouch, Step From Time, Renounce
Religion


You were on level 13 of the Dungeon.
You worshipped Cheibriados.
Cheibriados was extremely pleased with you.
You were very full.
You were a filthy swine.
You visited 1 branch of the dungeon, and saw 13 of its levels.
You also visited: Sewer.

You collected 642 gold pieces.

Inventory:

Missiles
 u - 6 throwing nets (quivered)
Armour
 f - a +2 cloak (melded)
 y - +2 fire dragon scales (melded)
Jewellery
 j - a ring of see invisible (melded)
 q - a ring of magical power (melded)
Wands
 r - a wand of digging (4)
 s - a wand of iceblast (24)
 v - a wand of flame (58)
 w - a wand of paralysis (11)
Scrolls
 a - 2 scrolls of fear
 c - 3 scrolls of amnesia
 d - 9 scrolls of teleportation
 k - 8 scrolls of remove curse
 n - 4 scrolls of magic mapping
 o - 2 scrolls of enchant weapon
 p - 2 scrolls of blinking
 x - 3 scrolls of fog
 A - a scroll of holy word
 B - 3 scrolls of identify
Potions
 g - a potion of resistance {unknown}
 h - 4 potions of heal wounds
 i - a potion of flight
 l - a potion of magic
 m - 5 potions of curing
 t - a potion of agility
 z - 5 potions of brilliance
Miscellaneous
 e - a phantom mirror
Comestibles
 b - 29 rations
 C - 2 chunks of flesh


   Skills:
 - Level 7.3 Fighting
 - Level 6.1 Armour
 - Level 7.1 Dodging
 - Level 1.0 Stealth
 - Level 8.0 Unarmed Combat
 - Level 3.4 Spellcasting
 - Level 4.3 Charms
 - Level 4.8 Ice Magic
 - Level 8.1 Invocations
 + Level 3.4 Evocations


You had 14 spell levels left.
You knew the following spells:

 Your Spells              Type           Power        Failure   Level  Hunger
a - Ozocubu's Armour      Chrm/Ice       ###.....     7%          3    ###....

Your spell library contained the following spells:

 Spells                   Type           Power        Failure   Level  Hunger
 Freeze                   Ice            ###.         1%          1    None
 Throw Frost              Conj/Ice       ##....       9%          2    ##.....
 Apportation              Tloc           #.....       14%         1    None
 Summon Ice Beast         Ice/Summ       ##......     47%         4    ####...
 Throw Icicle             Conj/Ice       ##......     47%         4    ####...


Dungeon Overview and Level Annotations

Branches:
Dungeon (13/15)            Temple (0/1) D:7            Lair (0/6) D:11
    Orc (0/2) D:12          Sewer (visited)
 Vaults: D:13-14

Altars:
Cheibriados
Dithmenos
Gozag
Kikubaaqudgha
Makhleb
Okawaru
Sif Muna
Trog
Uskayaw
Vehumet
Xom
Zin
The Shining One

Shops:
D:12 :

Annotations:
D:13 Kirke


Innate Abilities, Weirdness & Mutations

You are too large for most types of armour.
((You have claws for hands.))
Your metabolism is lightning-fast.
You like to eat raw meat.
Your natural rate of healing is unusually fast.
((You are covered in fur. (AC +1)))
((You have extremely tough skin. (AC +3)))
((You have a pair of small antennae on your head.))
You are surrounded by a mild repulsion field. (EV +2)
You can translocate small distances at will.
((Armour fits poorly on your strangely shaped body.))
Your magical capacity is low. (-10% MP)
Potions are less effective at restoring your health.


Message History

You are too injured to fight recklessly!
You are too injured to fight recklessly!
Your system partially rejects the healing.
You feel much better. Kirke gestures at you while chanting.
You turn into a filthy swine.
Your +2 cloak melds into your body.
Your +2 fire dragon scales melds into your body.
Your ring of see invisible melds into your body.
Your ring of magical power melds into your body.
You feel your magic capacity decrease. The white ugly thing gores you.
The white ugly thing freezes you!!
* * * LOW HITPOINT WARNING * * *
As you read the scroll of teleportation, it crumbles to dust.
You feel strangely unstable. Something hits you!
* * * LOW HITPOINT WARNING * * *
Deactivating autopickup; reactivate with Ctrl-A.
The white ugly thing gores you!
* * * LOW HITPOINT WARNING * * *
The white ugly thing freezes you!!
You die...

#.............
##............
##...........
###.........
##........
##..####...
##..## #..
#..## #. #####
##h##
.....####u{#
.......#{o##
.......hhh#
........hh##
.......#.o.#
......###..##
...... #...#
.....# ##..#


You could see a white ugly thing, 5 hogs and 2 orcs.

Vanquished Creatures
  Harold (D:7)
  The ghost of Hedningen the Cleaver, a journeyman DsFi of Uskayaw (D:12)
  2 hydras
  A centaur warrior (D:13)
  6 death yaks (D:11)
  4 two-headed ogres
  Sonja (D:13)
  Pikel (D:7)
  A cyclops (D:12)
  3 centaur zombies
  Joseph (D:7)
  Psyche (D:10)
  3 kobold demonologists
  3 trolls
  2 hippogriffs
  A shadow (D:11)
  A wraith (D:12)
  9 yaks (D:12)
  2 wyverns
  2 orc warriors
  3 ice beasts
  5 sky beasts
  2 phantoms
  A slave (D:7)
  An eye of draining (D:10)
  2 necrophages
  6 ogres
  3 centaurs
  A big kobold (D:9)
  8 bullfrogs
  2 scorpions
  19 killer bees
  5 wights (D:4)
  An electric eel (D:7)
  5 howler monkeys
  2 crimson imps
  2 bullfrog zombies
  2 hounds (D:4)
  3 jellies
  3 orc priests
  3 bullfrog skeletons
  8 orc wizards
  Crazy Yiuf (D:7)
  2 centaur skeletons (D:7)
  An iguana (D:10)
  10 worker ants
  Natasha (twice) (D:4)
  A hound zombie (D:10)
  A worker ant zombie (D:7)
  Robin (D:2)
  7 adders
  5 gnolls
  2 river rats (D:4)
  2 shadow imps
  An ooze (D:3)
  2 adder skeletons
  3 worms
  4 dart slugs
  A leopard gecko (D:4)
  46 orcs
  2 ball pythons (Sewer)
  7 giant cockroaches
  11 hobgoblins
  23 jackals
  18 kobolds
  14 bats
  9 frilled lizards
  15 goblins
  A leopard gecko skeleton (D:7)
  A quokka zombie (D:6)
  6 rats
  12 plants
344 creatures vanquished.

Vanquished Creatures (others)
  2 slaves (D:7)
  3 gnolls (D:7)
5 creatures vanquished.

Grand Total: 349 creatures vanquished

Notes
Turn   | Place    | Note
-------+----------+-------------------------------------------
     0 | D:1      | Bapo the Troll Monk began the quest for the Orb.
     0 | D:1      | Reached XP level 1. HP: 22/22 MP: 0/0
    71 | D:1      | Reached XP level 2. HP: 25/29 MP: 1/1
   332 | D:1      | Reached XP level 3. HP: 34/36 MP: 2/2
   644 | D:2      | Found a snail-covered altar of Cheibriados.
   664 | D:2      | Became a worshipper of Cheibriados the Contemplative
   664 | D:2      | Reached * piety under Cheibriados
   664 | D:2      | Reached ** piety under Cheibriados
   860 | D:2      | Noticed Robin
   868 | D:2      | Killed Robin
   879 | D:2      | Reached XP level 4. HP: 43/44 MP: 3/3
   887 | D:2      | Reached skill level 5 in Unarmed Combat
   913 | D:2      | Gained mutation: Potions are less effective at restoring
                  | your health. [potion of mutation]
   913 | D:2      | Gained mutation: Your magical capacity is low. (-10% MP)
                  | [potion of mutation]
   913 | D:2      | Gained mutation: You can translocate small distances at
                  | will. [potion of mutation]
   913 | D:2      | Gained mutation: You have very sharp teeth. [potion of
                  | mutation]
  1357 | D:3      | Found a bloodstained altar of Trog.
  1373 | D:3      | Reached *** piety under Cheibriados
  1807 | D:3      | Reached XP level 5. HP: 44/50 MP: 3/3
  1987 | D:3      | Found a glowing silver altar of Zin.
  2172 | D:4      | Reached **** piety under Cheibriados
  2206 | D:4      | Found a glowing drain.
  2211 | Sewer    | Entered a sewer
  3026 | D:4      | Reached XP level 6. HP: 59/59 MP: 4/4
  3081 | D:4      | Reached ***** piety under Cheibriados
  3091 | D:4      | Reached XP level 7. HP: 57/66 MP: 5/5
  3356 | D:4      | Noticed Natasha
  3365 | D:4      | Killed Natasha
  3524 | D:4      | Noticed Natasha
  3527 | D:4      | Killed Natasha
  3655 | D:4      | Found an ancient bone altar of Kikubaaqudgha.
  3659 | D:4      | Found a shimmering blue altar of Sif Muna.
  3662 | D:4      | Found a radiant altar of Vehumet.
  3667 | D:4      | Identified Sif Muna's Disquisition on Orientation
  3760 | D:5      | Entered Level 5 of the Dungeon
  4180 | D:5      | Found a burning altar of Makhleb.
  4180 | D:5      | Found an opulent altar of Gozag.
  4497 | D:6      | Reached skill level 5 in Dodging
  4503 | D:6      | Reached XP level 8. HP: 74/74 MP: 6/6
  4699 | D:6      | Found a hide-covered altar of Uskayaw.
  5069 | D:7      | Noticed Joseph
  5073 | D:7      | Killed Joseph
  5119 | D:7      | Noticed Harold
  5128 | D:7      | Killed Harold
  5128 | D:7      | Reached skill level 5 in Invocations
  5128 | D:7      | Reached XP level 9. HP: 55/83 MP: 10/10
  5253 | D:7      | Noticed Pikel
  5267 | D:7      | Killed Pikel
  5432 | D:7      | Found a staircase to the Ecumenical Temple.
  5555 | D:7      | Found an iron altar of Okawaru.
  5714 | D:7      | Reached ****** piety under Cheibriados
  5732 | D:7      | Learned a level 3 spell: Ozocubu's Armour
  6030 | D:7      | Reached skill level 1 in Armour
  6035 | D:7      | Reached XP level 10. HP: 90/92 MP: 13/13
  6059 | D:7      | Found a runed translucent door.
  6060 | D:7      | Noticed Crazy Yiuf
  6066 | D:7      | Killed Crazy Yiuf
  6455 | D:8      | Found a shimmering altar of Xom.
  6455 | D:8      | Noticed a two-headed ogre
  6474 | D:7      | Killed a two-headed ogre
  6652 | D:8      | Found a glowing golden altar of the Shining One.
  6668 | D:8      | Noticed a two-headed ogre
  6676 | D:8      | Killed a two-headed ogre
  6676 | D:8      | Reached skill level 5 in Armour
  7458 | D:9      | Reached skill level 5 in Fighting
  7587 | D:10     | Entered Level 10 of the Dungeon
  7597 | D:10     | Noticed Psyche
  7602 | D:10     | Killed Psyche
  7622 | D:10     | Found a shadowy altar of Dithmenos.
  7711 | D:10     | Reached XP level 11. HP: 104/104 MP: 14/14
  7749 | D:10     | Reached skill level 1 in Spellcasting
  8191 | D:11     | Noticed a six-headed hydra
  8200 | D:11     | Killed a nine-headed hydra
  8383 | D:11     | Noticed a death yak
  8384 | D:11     | Found a staircase to the Lair.
  8384 | D:11     | Noticed a death yak
  8384 | D:11     | Noticed a death yak
  8384 | D:11     | Noticed a death yak
  8384 | D:11     | Noticed a death yak
  8386 | D:11     | Noticed a death yak
  8440 | D:11     | Killed a death yak
  8499 | D:11     | Killed a death yak
  8505 | D:11     | Killed a death yak
  8834 | D:11     | Reached skill level 1 in Charms
  8834 | D:11     | Reached skill level 1 in Ice Magic
  8913 | D:11     | Killed a death yak
  8920 | D:11     | Killed a death yak
  8926 | D:11     | Killed a death yak
  9077 | D:12     | Reached XP level 12. HP: 118/118 MP: 15/15
  9169 | D:12     | Noticed a two-headed ogre
  9174 | D:12     | Killed a two-headed ogre
  9306 | D:12     | Found a large runed translucent door.
  9306 | D:12     | Found a large runed translucent door.
  9306 | D:12     | Noticed Hedningen's ghost (journeyman DsFi)
  9411 | D:12     | Noticed a four-headed hydra
  9424 | D:12     | Killed a five-headed hydra
  9766 | D:12     | Found a staircase to the Orcish Mines.
  9776 | D:12     | Found Wupanudo's Book Shop.
  9934 | D:12     | Killed Hedningen's ghost
  9965 | D:12     | Lost mutation: You have very sharp teeth. [potion of
                  | mutation]
  9965 | D:12     | Gained mutation: You have a pair of small antennae on your
                  | head. [potion of mutation]
  9965 | D:12     | Gained mutation: Armour fits poorly on your strangely
                  | shaped body. [potion of mutation]
  9965 | D:12     | Gained mutation: You are surrounded by a mild repulsion
                  | field. (EV +2) [potion of mutation]
  9999 | D:13     | Noticed a centaur warrior
 10094 | D:13     | Killed a centaur warrior
 10094 | D:13     | Reached skill level 1 in Evocations
 10116 | D:13     | Noticed a two-headed ogre
 10122 | D:13     | Killed a two-headed ogre
 10149 | D:13     | Noticed Sonja
 10157 | D:13     | Killed Sonja
 10288 | D:13     | Noticed Kirke
 10305 | D:13     | Demolished by a white ugly thing

Levels and vault maps discovered:
D:1:      ebering_hopf_link, layout_loops_cross
D:2:      layout_rooms, lemuel_round_altar, serial_bayou, serial_bayou_shore_a,
          serial_bayou_ford_a, serial_bayou_crossing, serial_bayou_lake_a,
          first_ration, uniq_robin
D:3:      layout_loops_ring, old_standard_altar, hangedman_decor_push,
          trog_three_pillars_becter
D:4:      layout_basic, grunt_temple_overflow_magic_moments,
          gup_sewer_entry_bowl, uniq_natasha
D:5:      layout_basic, lemuel_crystal_altar, gammafunk_temple_overflow_pools,
          grunt_ministairs_11, elyvilon_altar_4
D:6:      layout_gridville, kennysheep_little_box
D:7:      layout_loops_corners, okawaru_metal_pillars_1_2, temple_statues,
          grunt_ogre_cave, minivault_4, minmay_joined_circles, uniq_pikel,
          uniq_joseph, uniq_crazy_yiuf_cottage, uniq_harold
D:8:      layout_cave_pools, xom_butterflies, lemuel_doored_altar
D:9:      layout_big_octagon
D:10:     layout_cave_pools, nicolae_dithmenos_through_a_glass_darkly,
          uniq_psyche
D:11:     layout_basic, dpeg_lair_monsters, kennysheep_generic_room_4
D:12:     layout_loops_cross, orc_0_dummy, ebering_ghost_disaster_area,
          serial_shops, nicolae_shop_behind_doors
D:13:     layout_cave_pods, david_vaults_2, serial_shops, shop, uniq_kirke,
          uniq_sonja

Skill      XL: |  1  2  3  4  5  6  7  8  9 10 11 12 |
---------------+-------------------------------------+-----
Unarmed Combat | 4 5 6 8 |  8.0
Dodging        | 5 6 7 |  7.1
Fighting       | 3 5 7 |  7.3
Invocations    | 5 8 |  8.1
Armour         | 1 6 |  6.1
Spellcasting   | 3 |  3.4
Charms         | 2 4 |  4.3
Ice Magic      | 3 4 |  4.8
Evocations     | 3 |  3.4
Stealth        | |  1.0

Action                   |  1- 3 |  4- 6 |  7- 9 | 10-12 || total
-------------------------+-------+-------+-------+-------++-------
Melee: Unarmed           |   102 |   263 |   168 |   430 ||   963
       Bite              |       |    38 |    31 |    92 ||   161
       Punch             |       |    14 |     9 |    23 ||    46
Invok: Slouch            |       |       |     1 |     5 ||     6
       Step From Time    |       |       |       |     2 ||     2
       Temporal Distorti |       |       |       |     2 ||     2
Evoke: Wand              |       |       |       |    10 ||    10
  Use: Scroll            |       |    10 |     5 |     7 ||    22
       Potion            |       |     4 |     6 |     8 ||    18
 Stab: Sleeping          |     1 |     5 |     2 |       ||     8
  Eat: Chunk             |     3 |    21 |    25 |    31 ||    80
Armor: Robe              |    51 |   112 |    35 |       ||   198
       Fire dragon scale |       |       |     8 |   236 ||   244
Dodge: Dodged            |    73 |   130 |   103 |   443 ||   749

Table legend:
 A = Non-vault XP
 B = Vault XP
 C = Vault XP percentage of total XP
 D = Non-vault monster count
 E = Vault monster count
 F = Vault count percentage of total count
                 A         B        C        D         E       F
            +---------+---------+-------+---------+---------+-------
      Total |   20081 |   11105 |  35.6 |     265 |      66 |  19.9
            +---------+---------+-------+---------+---------+-------
        D:1 |      51 |       0 |   0.0 |      28 |       0 |   0.0
        D:2 |      39 |      33 |  45.8 |      12 |      11 |  47.8
        D:3 |      94 |       0 |   0.0 |      30 |       0 |   0.0
        D:4 |     816 |      62 |   7.1 |      31 |       4 |  11.4
        D:5 |     122 |      51 |  29.5 |       4 |       1 |  20.0
        D:6 |     253 |       0 |   0.0 |       6 |       0 |   0.0
        D:7 |    1981 |    3167 |  61.5 |      27 |      21 |  43.8
        D:8 |    1629 |       0 |   0.0 |      10 |       0 |   0.0
        D:9 |    1551 |       0 |   0.0 |      30 |       0 |   0.0
       D:10 |    1338 |     424 |  24.1 |      18 |       1 |   5.3
       D:11 |    3618 |    5522 |  60.4 |      29 |       7 |  19.4
       D:12 |    6287 |     998 |  13.7 |      34 |       1 |   2.9
       D:13 |    2302 |     807 |  26.0 |       6 |       1 |  14.3
      Sewer |       0 |      41 | 100.0 |       0 |      19 | 100.0
            +---------+---------+-------+---------+---------+-------
